 Dungeon Crawl Stone Soup version 0.27-a0-1555-g0e7b3fb1d2 (webtiles) character file.

Game seed: 12272103342840808592

91 blackman the Slasher (level 4, -1/35 HPs)
             Began as a Human Wanderer on July 14, 2021.
             Was a Follower of Fedhas.
             Slain by a phantom (5 damage)
             ... on level 3 of the Dungeon.
             The game lasted 00:05:42 (3443 turns).

blackman the Slasher (Human Wanderer)               Turns: 3443, Time: 00:05:43

Health: -1/35      AC:  2    Str: 13    XL:     4   Next: 88%
Magic:  4/4        EV: 12    Int: 10    God:    Fedhas [*.....]
Gold:   128        SH:  0    Dex: 15    Spells: 3/3 levels left

rFire    . . .     SeeInvis .   a - +2 short sword
rCold    . . .     Faith    .   (no shield)
rNeg     . . .     Spirit   .   b - +0 robe
rPois    .         Reflect  .   (no helmet)
rElec    .         Harm     .   (no cloak)
rCorr    .         Rampage  .   (no gloves)
Will     .....                  (no boots)
Stlth    ++........             (no amulet)
HPRegen  0.11/turn              (no ring)
MPRegen  0.09/turn              (no ring)

@: no status effects
A: no striking features
a: Renounce Religion


You were on level 3 of the Dungeon.
You worshipped Fedhas.
Fedhas was aware of your devotion.
You visited 1 branch of the dungeon, and saw 3 of its levels.

You collected 128 gold pieces.

Inventory:

Hand Weapons
 a - a +2 short sword (weapon)
 c - a +0 dagger
 l - a +0 hunting sling
Missiles
 j - 7 atropa-tipped darts (quivered)
Armour
 b - a +0 robe (worn)
Magical Staves
 i - a staff of earth
Jewellery
 f - a +6 ring of intelligence
Scrolls
 d - a scroll of immolation
 n - a scroll of teleportation
 o - a scroll of enchant armour
Potions
 e - 2 potions of lignification {unknown}
 h - a potion of resistance {unknown}
 k - a potion of curing {unknown}
 m - a potion of haste {unknown}


   Skills:
 - Level 3.0 Fighting
 - Level 1.1(2.6) Short Blades
 * Level 3.7(3.8) Long Blades
 - Level 2.1 Armour
 - Level 1.1 Dodging
 - Level 2.1 Stealth
 - Level 1.1 Evocations


You had 3 spell levels left.
You didn't know any spells.
Your spell library contained the following spells:

 Spells                   Type           Power      Damage    Failure   Level
 Beastly Appendage        Tmut           0%         N/A       36%         1
 Foxfire                  Conj/Fire      0%         2x1d4     36%         1
 Wereblood                Tmut           0%         N/A       50%         2
 Dazzling Flash           Conj/Hex       0%         N/A       75%         3
 Ignite Poison            Fire/Tmut/Pois 0%         N/A       75%         3
 Spider Form              Tmut/Pois      0%         N/A       75%         3


Dungeon Overview and Level Annotations

Branches:
Dungeon (3/15)

Altars:
Dithmenos
Fedhas


Message History

The phantom barely misses you.
You hit the phantom.
The phantom is moderately damaged.
The phantom hits you!
The phantom blinks!
You blink.
You are too injured to fight recklessly!
You are too injured to fight recklessly!
You are too injured to fight recklessly!
You are too injured to fight recklessly!
You are too injured to fight recklessly!
You are too injured to fight recklessly!
You are too injured to fight recklessly!
You hit the phantom.
The phantom is moderately damaged.
The phantom barely misses you.
You closely miss the phantom.
The phantom is moderately damaged.
The phantom hits you.
The phantom blinks!
You blink.
The phantom barely misses you.
You hit the phantom.
The phantom is moderately damaged.
The phantom barely misses you.
You hit the phantom.
The phantom is heavily damaged.
The phantom hits you.
* * * LOW HITPOINT WARNING * * *
The phantom blinks!
You blink.
You hit the phantom.
The phantom is heavily damaged.
The phantom hits you.
* * * LOW HITPOINT WARNING * * *
You closely miss the phantom.
The phantom is heavily damaged.
The phantom hits you.
* * * LOW HITPOINT WARNING * * *
The phantom blinks!
You blink.
You barely miss the phantom.
The phantom is heavily damaged.
The phantom hits you.
You die...
Fedhas appreciates your contribution to the ecosystem.

####....#............#
#....#.###+#####..#
#....#.#.......#..#
#....#.#.......#..#
#....#.#...§§..#..#
#....#.........#..#
#....#.........#..#
#....#.........#..#
#....#.#.@.....#..#
#....#.#.W.....#..#
#....#.#.......#..#
#..§.#.#.......#..#
#....#.#.......#..#
#..†.'.###+#'###..#
#....#..§.........#
#....#....§.......#
#....##############


You could see a phantom.

Vanquished Creatures
  A gnoll (D:2)
  4 adders
  A dart slug (D:1)
  3 ball pythons
  3 bats (D:2)
  2 endoplasms (D:1)
  3 giant cockroaches
  7 goblins
  4 hobgoblins
  4 jackals (D:3)
  3 quokkas
  A frilled lizard (D:2)
  3 kobolds
  3 rats
42 creatures vanquished.

Notes
Turn   | Place    | Note
-------+----------+-------------------------------------------
     0 | D:1      | blackman the Human Wanderer began the quest for the Orb.
     0 | D:1      | blackman set off with the following items: a +2 short
                  | sword, a +0 robe, a +0 dagger; and the following spells
                  | available to memorise: Beastly Appendage, Foxfire, Dazzling
                  | Flash, Ignite Poison
     0 | D:1      | Reached XP level 1. HP: 18/18 MP: 1/1
   487 | D:1      | Reached XP level 2. HP: 24/24 MP: 2/2
   607 | D:1      | Reached skill level 1 in Long Blades
   759 | D:1      | You fall into a shaft and drop 1 floor!
  1031 | D:2      | Reached XP level 3. HP: 29/29 MP: 3/3
  1970 | D:2      | Reached XP level 4. HP: 23/35 MP: 4/4
  2602 | D:1      | Found a faded altar of an unknown god.
  2629 | D:1      | Became a worshipper of Fedhas Madash
  2629 | D:1      | Reached * piety under Fedhas
  3138 | D:3      | Found a shadowy altar of Dithmenos.
  3426 | D:3      | Noticed a phantom
  3443 | D:3      | Slain by a phantom

Illustrated notes

Levels and vault maps discovered:
D:1:      lightli_arrival_maybe_door_vault, layout_loops_ring,
          ebering_ecumenical_altar_petrified
D:2:      minmay_spotlight, layout_basic
D:3:      layout_basic, nicolae_dithmenos_through_a_glass_darkly

Skill      XL: |  1  2  3  4 |
---------------+-------------+-----
Long Blades    | 1 2 3 |  3.7
Fighting       | |  3.0
Short Blades   | |  1.1
Armour         | |  2.1
Dodging        | |  1.1
Stealth        | |  2.1
Evocations     | |  1.1

Action                   |  1- 3 |  4- 6 || total
-------------------------+-------+-------++-------
Melee: Short sword       |    77 |    64 ||   141
  Use: Scroll            |       |     3 ||     3
 Stab: Sleeping          |     4 |     3 ||     7
Armor: Robe              |     8 |     9 ||    17
Dodge: Dodged            |    52 |    39 ||    91

Table legend: (Time is in decaauts)
 A = Elapsed time spent in this place.
 B = Non-inter-level travel time spent in this place.
 C = Inter-level travel time spent in this place.
 D = Time resting spent in this place.
 E = Time spent auto-exploring this place.
 F = Levels seen in this place.
 G = Mean time per level.
                   A        B        C        D        E       F      G
               +--------+--------+--------+--------+--------+-----+--------+
         Total |   3446 |   3409 |     37 |   1467 |   1572 |   3 | 1148.7 |
       Dungeon |   3446 |   3409 |     37 |   1467 |   1572 |   3 | 1148.7 |
               +--------+--------+--------+--------+--------+-----+--------+

Top non-repeatable levels by time:
     D:2: 1835 daAuts
     D:1: 1128 daAuts
     D:3: 483 daAuts
